 Dungeon Crawl Stone Soup version 0.21-a0-442-g848f44b (webtiles) character file.

448 tof the Slasher (level 6, -1/48 HPs)
             Began as a Demonspawn Monk on Nov 13, 2017.
             Was a Believer of Okawaru.
             Slain by an orc wizard
             ... wielding a +0 dagger
              (3 damage)
             ... on level 4 of the Dungeon.
             The game lasted 00:04:29 (3562 turns).

tof the Slasher (Demonspawn Monk)                   Turns: 3562, Time: 00:04:30

Health: -1/48      AC:  3    Str: 12    XL:     6   Next: 73%
Magic:  2/2        EV: 15    Int: 11    God:    Okawaru [**....]
Gold:   174        SH:  0    Dex: 17    Spells: 5/5 levels left

rFire    + . .     SeeInvis .   s - +2 scimitar (antimagic)
rCold    . . .     Gourm    .   (no shield)
rNeg     . . .     Faith    .   v - +0 leather armour (curse)
rPois    .         Spirit   .   (no helmet)
rElec    .         Reflect  .   (no cloak)
rCorr    .         Harm     .   (no gloves)
MR       .....                  (no boots)
Stlth    ++........             (no amulet)
HPRegen  0.16/turn              (no ring)
MPRegen  0.08/turn              (no ring)

@: lethally poisoned (-1 -> -8), slowed, very slow
A: talons 1, repulsion field 1, fire resistance 1
a: Heroism, Renounce Religion


You were on level 4 of the Dungeon.
You worshipped Okawaru.
Okawaru was pleased with you.
You were not hungry.

You visited 2 branches of the dungeon, and saw 6 of its levels.
You also visited: Sewer.

You collected 174 gold pieces.

Inventory:

Hand Weapons
 a - a +0 falchion
 s - a +2 antimagic scimitar (weapon)
Missiles
 t - 2 tomahawks (quivered)
Armour
 b - a +0 robe
 v - a cursed +0 leather armour (worn)
Wands
 m - a wand of paralysis (3/24)
 w - a wand of disintegration (9/24)
Scrolls
 f - 3 scrolls of remove curse {unknown}
 h - 2 scrolls of blinking {unknown}
 j - 3 scrolls of enchant armour {unknown}
 n - a scroll of identify {unknown}
 o - 3 scrolls of teleportation {unknown}
 q - a scroll of random uselessness {unknown}
 r - a scroll of magic mapping {unknown}
Potions
 c - a potion of agility {unknown}
 d - a potion of cancellation {unknown}
 e - 2 potions of flight {unknown}
 g - 2 potions of berserk rage {unknown}
 k - 6 potions of brilliance {unknown}
 l - 5 potions of curing
 u - a potion of haste {unknown}
 x - 2 potions of heal wounds {unknown}
Comestibles
 i - 5 royal jellies
 p - a meat ration
 z - 2 fruits


   Skills:
 + Level 4.0 Fighting
 * Level 4.6 Long Blades
 + Level 2.2 Armour
 + Level 3.7 Dodging
 + Level 3.3 Stealth


You had 5 spell levels left.
You didn't know any spells.

Dungeon Overview and Level Annotations

Branches:
Dungeon (5/15)             Temple (1/1) D:4

Altars:
Dithmenos
Elyvilon
Gozag
Okawaru
Sif Muna
Uskayaw
Xom
Yredelemnul
Zin
The Shining One


Innate Abilities, Weirdness & Mutations

You have sharp toenails.
You are surrounded by a mild repulsion field. (EV +2)
Your flesh is heat resistant. (rF+)


Message History

Something hits you. The worker ant misses you.
You riposte.
You slash the worker ant!
The worker ant is almost dead.
You hit something. Your kick misses something.
You feel sick. The orc closely misses you. The worker ant barely misses you.
The orc hits you with a hand axe.
* * * LOW HITPOINT WARNING * * *
Something hits you but does no damage. The worker ant barely misses you.
You closely miss something. Your kick misses something.
The worker ant barely misses you. The orc completely misses you.
Something hits you but does no damage. The worker ant bites you.
* * * LOW HITPOINT WARNING * * *
You are lethally poisoned!
The worker ant poisons you! Something hits you but does no damage.
The orc hits you with a hand axe.
* * * LOW HITPOINT WARNING * * *
You miss something. You claw something.
* * * LOW HITPOINT WARNING * * *
You feel sick. The worker ant misses you. Something hits you.
You die...

#.#####...#########..⌠...⌠..#
####.#####.### ###..)......#
##..........# #......>.....
#....################.#.........#
..(### #.....#......#..⌠...⌠..#
...# .......?................
.### ..$..........#.........# ##
......{ao....##.##.##.##
.......@...........# .#.
<....>........####.. .#.
..............# # ..............#
. .............## ##
#.....#....)## #############


You could see a worker ant and an orc.

Vanquished Creatures
  An ogre (D:4)
  2 big kobolds (Sewer)
  A scorpion (D:5)
  A hound (D:3)
  An orc wizard (D:4)
  A worker ant (D:5)
  A gnoll (D:1)
  2 river rats (D:5)
  2 oozes
  2 dart slugs (D:1)
  2 leopard geckos
  An orc (D:3)
  2 ball pythons (Sewer)
  4 giant cockroaches
  3 hobgoblins
  A quokka (D:3)
  9 bats
  5 frilled lizards
  7 goblins
  11 kobolds
  10 rats
69 creatures vanquished.

Vanquished Creatures (others)
  A rat (D:2)
1 creature vanquished.

Grand Total: 70 creatures vanquished

Notes
Turn   | Place    | Note
-------+----------+-------------------------------------------
     0 | D:1      | tof the Demonspawn Monk began the quest for the Orb.
     0 | D:1      | Reached XP level 1. HP: 18/18 MP: 1/1
   380 | D:1      | Gained mutation: You have sharp toenails. [demonic ancestry]
   380 | D:1      | Reached XP level 2. HP: 21/24 MP: 2/2
   692 | D:1      | Gained mutation: Your flesh is heat resistant. (rF+) [demonic ancestry]
   692 | D:1      | Reached XP level 3. HP: 16/29 MP: 3/3
  2288 | D:3      | Reached skill level 1 in Armour
  2346 | D:3      | Reached XP level 4. HP: 35/35 MP: 1/4
  2616 | D:3      | You fall through a shaft for 2 floors!
  2616 | D:5      | Entered Level 5 of the Dungeon
  2616 | D:5      | Found a glowing drain.
  2632 | Sewer    | Entered a sewer
  2668 | Sewer    | Noticed a big kobold
  2676 | Sewer    | Killed a big kobold
  2676 | Sewer    | Gained mutation: You are surrounded by a mild repulsion field. (EV +2) [demonic ancestry]
  2676 | Sewer    | Reached XP level 5. HP: 14/41 MP: 1/5
  2994 | Sewer    | Noticed Qupu's ghost (amateur DEFE)
  3031 | D:5      | Noticed an ogre
  3038 | D:5      | Reached XP level 6. HP: 48/48 MP: 2/6
  3363 | D:4      | Found a white marble altar of Elyvilon.
  3408 | D:4      | Found a staircase to the Ecumenical Temple.
  3423 | Temple   | Entered the Ecumenical Temple
  3464 | Temple   | Became a worshipper of Warmaster Okawaru
  3464 | Temple   | Reached * piety under Okawaru
  3464 | Temple   | Reached ** piety under Okawaru
  3562 | D:4      | HP: 2/48 [poisoned by a worker ant]
  3562 | D:4      | Slain by an orc wizard

Vault maps used:
D:1:      minmay_arrival_nine_rooms
D:2:      lemuel_flame_loot_1
D:3:      first_bread, kennysheep_generic_room_2
D:4:      marbit_many_paths, minmay_temple_entry_large_hall
D:5:      lemuel_doored_altar, minitemple, portal_sewer_entry_a,
          nicolae_dithmenos_the_darkroom
Temple:   jpeg_temple_island
Sewer:    kennysheep_pipe_town

Skill      XL: |  1  2  3  4  5  6 |
---------------+-------------------+-----
Long Blades    | 3 4 |  4.6
Stealth        | 2 3 |  3.3
Dodging        | 3 |  3.7
Armour         | 1 2 |  2.2
Fighting       | 4 |  4.0

Action                   |  1- 3 |  4- 6 || total
-------------------------+-------+-------++-------
Melee: Falchion          |    92 |       ||    92
       Kick              |    25 |    24 ||    49
       Scimitar          |     3 |    62 ||    65
Throw: Tomahawk          |       |     4 ||     4
Evoke: Wand              |       |     1 ||     1
 Stab: Sleeping          |    11 |     3 ||    14
  Eat: Chunk             |     3 |     2 ||     5
       Bread ration      |       |     1 ||     1
Armor: Robe              |    24 |     1 ||    25
       Leather armour    |       |    14 ||    14
Dodge: Dodged            |    84 |    79 ||   163
       Rpst.: Falchion   |    29 |       ||    29
       Scimitar          |       |    23 ||    23

Table legend:
 A = Spawn XP
 B = Non-spawn XP
 C = Spawn XP percentage of total XP
 D = Spawn monster count
 E = Non-spawn monster count
 F = Spawn count percentage of total count
 G = Total turns spent on level
                    A         B        C        D         E        F      G
               +---------+---------+-------+---------+---------+-------+---------
         Total |       0 |     641 |   0.0 |       0 |      69 |   0.0 |  3562
               +---------+---------+-------+---------+---------+-------+---------
           D:1 |       0 |      52 |   0.0 |       0 |      23 |   0.0 |  1112
           D:2 |       0 |      20 |   0.0 |       0 |      13 |   0.0 |   903
           D:3 |       0 |      57 |   0.0 |       0 |      10 |   0.0 |   601
           D:4 |       0 |     155 |   0.0 |       0 |       3 |   0.0 |   396
           D:5 |       0 |     139 |   0.0 |       0 |       7 |   0.0 |    91
         Sewer |       0 |     218 |   0.0 |       0 |      13 |   0.0 |   377
               +---------+---------+-------+---------+---------+-------+---------
